 Dungeon Crawl Stone Soup version 0.31-a0-365-gcf821cafb2 (console) character file.

Game seed: 12213290456784183688

178 jejorda2 the Ruffian (level 5, 0/4 HPs)
             Began as a Gnoll Berserker on July 27, 2023.
             Was a Believer of Trog.
             Slain by a gnoll
             ... wielding a +0 spear
              (4 damage)
             ... on level 4 of the Dungeon.
             The game lasted 00:04:28 (2557 turns).

jejorda2 the Ruffian (Gnoll Berserker)              Turns: 2557, Time: 00:04:29

Health: 0/4        AC: 15    Str: 31    XL:     5   Next: 58%
Magic:  7/7        EV: 33    Int:  6    God:    Trog [**....]
Gold:   164        SH:  0    Dex: 11    Spells: 7/7 levels left

rFire   . .          .
                       - Unarmed
rCold   . . .        (shield currently unavailable)
rNeg    . . .        d - melded +0 chain mail
rPois   ∞            (helmet currently unavailable)
rElec   +            (cloak currently unavailable)
rCorr   .            (gloves currently unavailable)
SInv    .            (boots currently unavailable)
Will    .....        (no amulet)
Stlth   ++           i - +6 ring of strength
HPRegen 0.20/turn    u - +6 ring of strength
MPRegen 0.10/turn

%: no passive effects
@: storm-form, blinkbolt cooldown, flying
A: cleaving, insubstantial, flying, reduced hp, (fangs 1), strong nose,
distributed training
a: Blinkbolt, Begin Untransformation, Renounce Religion, Berserk, Trog's Hand


You were on level 4 of the Dungeon.
You worshipped Trog.
Trog was pleased with you.
You were a lightning-filled tempest!
You visited 1 branch of the dungeon, and saw 4 of its levels.

You collected 164 gold pieces.

Inventory:

Armour
 d - a +0 chain mail (melded)
Jewellery
 i - a +6 ring of strength (left fist)
 u - a +6 ring of strength (right fist)
Talismans
 p - a storm talisman
Wands
 l - a wand of flame (23)
 r - a wand of iceblast (15)
 t - a wand of paralysis (9)
Scrolls
 a - 4 scrolls of enchant weapon {unknown}
 c - 5 scrolls of identify {unknown}
 e - a scroll of silence {unknown}
 h - a scroll of fog {unknown}
 j - a scroll of blinking {unknown}
 k - a scroll of poison {unknown}
 m - a scroll of butterflies {unknown}
 q - a scroll of teleportation {unknown}
 v - a scroll of torment {unknown}
 w - a scroll of revelation {unknown}
Potions
 b - 2 potions of heal wounds {unknown}
 f - a potion of curing {unknown}
 g - a potion of enlightenment {unknown}
 n - a potion of berserk rage {unknown}
 o - a potion of brilliance {unknown}
 s - 2 potions of cancellation {unknown}


   Skills:
 + Level 6.7 Fighting
 + Level 1.6 Short Blades
 + Level 1.6 Long Blades
 + Level 1.6 Axes
 + Level 1.6 Maces & Flails
 + Level 1.6 Polearms
 + Level 1.6 Staves
 + Level 1.6 Ranged Weapons
 + Level 1.6 Throwing
 + Level 4.8 Armour
 + Level 4.8 Dodging
 + Level 1.6 Stealth
 + Level 1.6 Shields
 + Level 6.7 Unarmed Combat
 + Level 1.6 Spellcasting
 + Level 1.2 Conjurations
 + Level 1.2 Hexes
 + Level 1.2 Summonings
 + Level 1.2 Necromancy
 + Level 1.2 Translocations
 + Level 1.2 Transmutations
 + Level 1.2 Fire Magic
 + Level 1.2 Ice Magic
 + Level 1.2 Air Magic
 + Level 1.2 Earth Magic
 + Level 1.2 Poison Magic
 + Level 1.8 Invocations
 + Level 1.6 Evocations
 + Level 1.2 Shapeshifting


You had 7 spell levels left.
You didn't know any spells.
Your spell library was empty.

Dungeon Overview and Level Annotations

Branches:
Dungeon (4/15)
 Temple: D:4-7

Altars:


Innate Abilities, Weirdness & Mutations

You are a lightning-filled tempest!
Your electrical attacks strike out in all directions at once.
You are incredibly evasive.
Your insubstantial body is immune to petrification, constriction, and being set on fire You are flying.
Your maximum health is decreased, since you lack skill for your form.
Your armour is entirely melded.
You are incapable of wielding weapons or throwing items.
You are immune to poison.
((You have very sharp teeth.))
Your uncanny sense of smell can sniff out nearby items.
Your experience applies equally to all skills.


Message History

There is a stone staircase leading up here.
A kobold is nearby!
The kobold shouts!
The kobold throws a stone.
The stone completely misses you.
The kobold throws a stone.
The stone misses you.
The kobold throws a stone.
The stone hits you but does no damage.
You blast the kobold!!!
Lightning courses through the kobold!
You kill the kobold!
Trog accepts your kill.
No target in view!
No target in view!
w - a scroll labelled BIEHOZ MYWK A gnoll comes into view.
It is wielding a +0 club.
A gnoll comes into view. It is wielding a +0 club.
The shock of your passage hits the gnoll.
The gnoll is heavily wounded.
You blink.
The gnoll shouts!
You hear a shout!
A gnoll comes into view. It is wielding a +0 spear.
The gnoll barely misses you.
You barely miss the gnoll.
The gnoll is heavily wounded.
The gnoll barely misses you.
You hit the gnoll.
The gnoll is heavily wounded.
You batter the gnoll!!
You kill the gnoll!
Trog accepts your kill.
You closely miss the gnoll.
The gnoll is heavily wounded.
The gnoll completely misses you.
A gnoll comes into view. It is wielding a +0 flail.
The gnoll misses you.
You blast the gnoll!!!
You kill the gnoll!
Trog accepts your kill. The gnoll barely misses you.
The gnoll hits you with a +0 spear.
Ouch! That really hurt!
You die...

#..........#
#..........#
#......###.#
#..##### #.#
....# #.#
###..# #.#
#..# #.#
#..#######.#
#..ggv.....#
##.#########


You could see 2 gnolls.

Vanquished Creatures
  An orc priest (D:3)
  Jessica (D:3)
  3 gnolls
  2 adders
  2 dart slugs (D:1)
  5 orcs (D:3)
  3 ball pythons
  5 bats
  7 endoplasms
  A giant cockroach (D:1)
  6 goblins
  6 hobgoblins
  3 jackals (D:1)
  10 kobolds
  3 quokkas (D:1)
  2 frilled lizards
  2 rats (D:1)
62 creatures vanquished.

Notes
Turn   | Place    | Note
-------+----------+-------------------------------------------
     0 | D:1      | jejorda2 the Gnoll Berserker began the quest for the Orb.
     0 | D:1      | Reached XP level 1. HP: 23/23 MP: 1/1
   159 | D:1      | Reached XP level 2. HP: 29/29 MP: 2/2
   384 | D:1      | Reached XP level 3. HP: 35/35 MP: 3/3
   567 | D:1      | Reached ** piety under Trog
   578 | D:1      | Reached skill level 1 in Invocations
   808 | D:1      | Reached skill level 1 in Short Blades
   808 | D:1      | Reached skill level 1 in Long Blades
   808 | D:1      | Reached skill level 1 in Axes
   808 | D:1      | Reached skill level 1 in Maces & Flails
   808 | D:1      | Reached skill level 1 in Polearms
   808 | D:1      | Reached skill level 1 in Staves
   808 | D:1      | Reached skill level 1 in Ranged Weapons
   808 | D:1      | Reached skill level 1 in Throwing
   808 | D:1      | Reached skill level 1 in Stealth
   808 | D:1      | Reached skill level 1 in Shields
   808 | D:1      | Reached skill level 1 in Spellcasting
   808 | D:1      | Reached skill level 1 in Evocations
  1158 | D:2      | Reached XP level 4. HP: 41/41 MP: 5/5
  1956 | D:3      | Reached skill level 1 in Conjurations
  1956 | D:3      | Reached skill level 1 in Hexes
  1956 | D:3      | Reached skill level 1 in Summonings
  1956 | D:3      | Reached skill level 1 in Necromancy
  1956 | D:3      | Reached skill level 1 in Translocations
  1956 | D:3      | Reached skill level 1 in Transmutations
  1956 | D:3      | Reached skill level 1 in Fire Magic
  1956 | D:3      | Reached skill level 1 in Ice Magic
  1956 | D:3      | Reached skill level 1 in Air Magic
  1956 | D:3      | Reached skill level 1 in Earth Magic
  1956 | D:3      | Reached skill level 1 in Poison Magic
  1956 | D:3      | Reached skill level 1 in Shapeshifting
  2070 | D:3      | Noticed Jessica
  2073 | D:3      | Killed Jessica
  2074 | D:3      | Reached XP level 5. HP: 4/47 MP: 5/7
  2557 | D:4      | Slain by a gnoll

Illustrated notes

Levels and vault maps discovered:
D:1:      psy_arrival_radial02, layout_loops_ring
D:2:      layout_rooms, serial_co_window_serial, co_window_paths_a,
          co_window_paths_b, co_window_corner_a, co_window_corner_a,
          co_window_paths_b, co_window_unsneaky_path_a,
          co_window_unsneaky_path_b, co_window_2corner, co_window_corner_cb,
          co_window_corner_b, co_window_unsneaky_path_b, co_window_paths_e,
          co_window_4corner_b, glass_columns_c, glass_columns_b, glass_columns_a
D:3:      layout_basic, nrook_campfire, uniq_jessica
D:4:      layout_loops_ring, mainiacjoe_overflow_cross_hatched,
          mainiacjoe_overflow_catch_the_wave, serial_shops, shop

Skill      XL: |  1  2  3  4 |
---------------+-------------+-----
Invocations    | 1 |  1.8
Short Blades   | 1 |  1.6
Long Blades    | 1 |  1.6
Axes           | 1 |  1.6
Maces & Flails | 1 |  1.6
Polearms       | 1 |  1.6
Staves         | 1 |  1.6
Ranged Weapons | 1 |  1.6
Throwing       | 1 |  1.6
Stealth        | 1 |  1.6
Shields        | 1 |  1.6
Spellcasting   | 1 |  1.6
Evocations     | 1 |  1.6
Conjurations   | 1 |  1.2
Hexes          | 1 |  1.2
Summonings     | 1 |  1.2
Necromancy     | 1 |  1.2
Translocations | 1 |  1.2
Transmutations | 1 |  1.2
Fire Magic     | 1 |  1.2
Ice Magic      | 1 |  1.2
Air Magic      | 1 |  1.2
Earth Magic    | 1 |  1.2
Poison Magic   | 1 |  1.2
Shapeshifting  | 1 |  1.2
Fighting       | |  6.7
Armour         | |  4.8
Dodging        | |  4.8
Unarmed Combat | |  6.7

Action                     |  1- 3 |  4- 6 || total
---------------------------+-------+-------++-------
  Melee: Unarmed           |    82 |    51 ||   133
         Bite              |     7 |     2 ||     9
         Punch             |     4 |     1 ||     5
Ability: Blinkbolt         |       |     1 ||     1
   Stab: Sleeping          |       |     1 ||     1
 Armour: Animal skin       |     6 |       ||     6
         Chain mail        |    13 |     6 ||    19
         Skin              |       |     2 ||     2
  Dodge: Dodged            |    36 |    37 ||    73
   Form: Storm             |       |     1 ||     1

Table legend: (Time is in decaauts)
 A = Elapsed time spent in this place.
 B = Non-inter-level travel time spent in this place.
 C = Inter-level travel time spent in this place.
 D = Time resting spent in this place.
 E = Time spent auto-exploring this place.
 F = Levels seen in this place.
 G = Mean time per level.
                   A        B        C        D        E       F      G
               +--------+--------+--------+--------+--------+-----+--------+
         Total |   2539 |   2408 |    131 |      0 |   2071 |   4 |  634.8 |
       Dungeon |   2539 |   2408 |    131 |      0 |   2071 |   4 |  634.8 |
               +--------+--------+--------+--------+--------+-----+--------+

Top non-repeatable levels by time:
     D:2: 946 daAuts
     D:1: 943 daAuts
     D:3: 600 daAuts
     D:4: 49 daAuts
